 Dungeon Crawl Stone Soup version v3.33-hellcrawl-87-gc32ded8 (webtiles) character file.

22 Dfrag the Cudgeler (level 2, 21/22 HPs)
             Began as a Demonspawn Gladiator on Aug 10, 2017.
             Quit the game on level 2 of the Dungeon.
             The game lasted 00:00:57 (792 turns).

Dfrag the Cudgeler (Demonspawn Gladiator)            Turns: 792, Time: 00:00:58

Health: 21/22      AC:  4 (14%)Str: 15  XL:     2   Next: 96%
Magic:  2/2        EV: 13    Int:  9    God:
Gold:   105        SH:  0    Dex: 13    Spells: 1/1 levels left

rFire    . . .     SeeInvis .   a - +0 flail
rCold    . . .     Faith    .   (no shield)
rNeg     . . .     Spirit   .   b - +0 leather armour
rPois    .         Reflect  .   c - +0 helmet
rElec    .                      (no cloak)
rCorr    .                      (no gloves)
MR       .....                  (no boots)
Stlth    +.........             (no amulet)
Regen    0.1/turn               (no ring)
MPRegen  0.2/turn               (no ring)

@: no status effects
A: talons 1, screaming 1, spiny 1, subdued magic 1, sturdy frame
a: no special abilities


You were on level 2 of the Dungeon.
You were not hungry.

You visited 1 branch of the dungeon, and saw 2 of its levels.

You collected 105 gold pieces.

Inventory:

Hand Weapons
 a - a +0 flail (weapon)
Missiles
 d - 115 stones (quivered)
 e - 75 arrows
 f - 61 bolts
Armour
 b - a +0 leather armour (worn)
 c - a +0 helmet (worn)
Scrolls
 i - a scroll of teleportation
Potions
 g - a potion of agility
 h - a potion of curing


   Skills:
 + Level 2.2 Fighting
 + Level 3.2 Maces & Staves
 + Level 1.8 Throwing
 + Level 3.1 Dodging


You had one spell level left.
You didn't know any spells.

Dungeon Overview and Level Annotations

Branches:
Dungeon (2/15)

Altars:


Innate Abilities, Weirdness & Mutations

You are partially covered in sharp spines.
You have sharp toenails.
You occasionally shout uncontrollably at your foes.
Your spells are a little easier to cast, but a little less powerful.
Your movements are less encumbered by armour. (ER -6)


Message History

The giant cockroach is almost dead.
The giant cockroach barely misses you.
You hit the giant cockroach but do no damage.
You claw the giant cockroach (1).
You kill the giant cockroach!
A rat comes into view.
You see here a giant cockroach corpse.
You barely miss the rat. You claw the rat, but do no damage.
The rat is struck by your spines (1)
The rat closely misses you.
You hit the rat (3).
You kill the rat!
You see here a rat corpse.
You shout at the frilled lizard!
A frilled lizard comes into view.
The frilled lizard hisses angrily.
A frilled lizard is nearby!
A frilled lizard is nearby!
A frilled lizard is nearby!
Are you sure you want to abandon this character and quit the game? (Confirm with "yes".)

#.##.....# .##
#.#.>...#. ..#
#......... #.#
#...)..... #.#
##........ #.#
#.#.....#. #.#
#..#...#.# #.#
#.#.#.#.##
#.###@#######.##....#
#.........†...†..#..#
.l.........#######...##
#######.##..........##
#....########## ######


You could see a frilled lizard.

Vanquished Creatures
  A dart slug (D:1)
  2 quokkas (D:1)
  2 giant cockroaches
  4 goblins (D:1)
  4 hobgoblins (D:1)
  2 bats (D:1)
  2 frilled lizards (D:1)
  A kobold (D:1)
  6 rats
24 creatures vanquished.

Notes
Turn   | Place    | Note
-------+----------+-------------------------------------------
     0 | D:1      | Dfrag the Demonspawn Gladiator began the quest for the Orb.
     0 | D:1      | Reached XP level 1. HP: 16/16 MP: 1/1
   130 | D:1      | Gained mutation: You are partially covered in sharp spines. [demonic ancestry]
   130 | D:1      | Reached XP level 2. HP: 17/22 MP: 2/2
   156 | D:1      | Gained mutation: Your mind is acute. (Int +5) [potion of mutation]
   156 | D:1      | Gained mutation: You are weak. (Str -5) [potion of mutation]
   156 | D:1      | Gained mutation: You have an increased reservoir of magic. (+10% MP) [potion of mutation]
   156 | D:1      | Gained mutation: You possess an exceptional clarity of mind. [potion of mutation]
   164 | D:1      | Lost mutation: Your mind is acute. (Int +5) [potion of mutation]
   164 | D:1      | Lost mutation: You possess an exceptional clarity of mind. [potion of mutation]
   164 | D:1      | Lost mutation: You are weak. (Str -5) [potion of mutation]
   164 | D:1      | Lost mutation: You have an increased reservoir of magic. (+10% MP) [potion of mutation]
   164 | D:1      | Gained mutation: Your spells are a little easier to cast, but a little less powerful. [potion of mutation]
   164 | D:1      | Gained mutation: You occasionally shout uncontrollably at your foes. [potion of mutation]
   164 | D:1      | Gained mutation: You have sharp toenails. [potion of mutation]
   164 | D:1      | Gained mutation: Your movements are less encumbered by armour. (ER -6) [potion of mutation]
   792 | D:2      | Quit the game

Skill      XL: |  1  2 |
---------------+-------+-----
Maces & Staves | 3 |  3.2
Dodging        | 3 |  3.1
Fighting       | |  2.2
Throwing       | |  1.8

Action                   || total
-------------------------++-------
Melee: Flail             ||    47
       Kick              ||     3
  Use: Potion            ||     2
Armor: Leather armour    ||    13
Dodge: Dodged            ||    25
